 Dungeon Crawl Stone Soup version 0.30.1-11-g7821555f0a (webtiles) character file.

Game seed: 13384835459151017327

3490 Ijustatesigmund the Conjurer (level 10, -15/56 HPs)
             Began as an Octopode Conjurer on Jan 4, 2024.
             Was a Follower of Vehumet.
             Demolished by an orc warrior
             ... wielding a +0 battleaxe
              (17 damage)
             ... on level 8 of the Dungeon.
             The game lasted 00:19:34 (10739 turns).

Ijustatesigmund the Conjurer (Octopode Conjurer)   Turns: 10739, Time: 00:19:34

Health: -15/56     AC:  5    Str:  5    XL:     10   Next: 7%
Magic:  11/18      EV: 13    Int: 28    God:    Vehumet [*.....]
Gold:   326        SH:  8    Dex: 13    Spells: 10/20 levels left

rFire   . . .        c - +4 short sword (elec)
rCold   . . .        b - +3 warlock's mirror {omnireflect}
rNeg    . . .        (helmet restricted)
rPois   .            j - amulet of regeneration
rElec   .            e - ring of resist corrosion
rCorr   +            (no ring)
SInv    .            (no ring)
Will    .....        (no ring)
Stlth   +++          (no ring)
HPRegen 1.09/turn    (no ring)
MPRegen 0.16/turn    (no ring)
                     (no ring)

%: reflection
@: on berserk cooldown, slowed, very slow
A: almost no armour, amphibious, 8 rings, camouflage 1, gelatinous body 1,
(nimble swimmer 1), tentacles, iridescent scales 2, agile 1, clever 1
a: Renounce Religion


You were on level 8 of the Dungeon.
You worshipped Vehumet.
Vehumet was aware of your devotion.
You visited 2 branches of the dungeon, and saw 9 of its levels.
You also visited: Sewer.

You collected 326 gold pieces.

Inventory:

Hand Weapons
 c - a +4 short sword of electrocution (weapon)
Missiles
 o - 2 throwing nets
Armour
 b - the +3 warlock's mirror (worn) {omnireflect}
   (You acquired it on level 3 of the Dungeon)

   Omnireflect: It can block and reflect piercing ranged attacks and magical
   attacks against the wielder's willpower.
Jewellery
 e - a ring of resist corrosion (left tentacle)
 j - an amulet of regeneration (around mantle)
Wands
 q - a wand of mindburst (25)
 u - a wand of roots (5)
Scrolls
 k - 4 scrolls of teleportation
 p - 3 scrolls of amnesia
 v - a scroll of identify
Potions
 a - 5 potions of magic
 d - a potion of cancellation {unknown}
 f - a potion of berserk rage
 g - a potion of resistance
 h - 3 potions of curing
 i - 2 potions of might
 l - 2 potions of haste {unknown}
 m - a potion of invisibility {unknown}
 n - 2 potions of lignification {unknown}
 r - a potion of ambrosia {unknown}
 s - 2 potions of flight {unknown}
 t - a potion of brilliance {unknown}


   Skills:
 - Level 2.9 Dodging
 - Level 4.0 Stealth
 - Level 5.1 Shields
 + Level 5.7 Spellcasting
 + Level 7.1 Conjurations
 - Level 5.1 Translocations
 + Level 5.3 Air Magic
 + Level 6.3 Poison Magic


You had 10 spell levels left.
You knew the following spells:

 Your Spells              Type           Power      Damage    Failure   Level
a - Magic Dart            Conj           100%       1d8       1%          1
b - Searing Ray           Conj           96%        2d7       1%          2
c - Iskenderun's Mystic   Conj/Tloc      42%        2d10      9%          4
d - Mephitic Cloud        Conj/Pois/Air  43%        N/A       2%          3

Your spell library contained the following spells:

 Spells                   Type           Power      Damage    Failure   Level
 Kiss of Death            Conj/Necr      100%       2d13      2%          1
 Apportation              Tloc           72%        N/A       1%          1
 Shock                    Conj/Air       100%       1d9       1%          1
 Cigotuvi's Dreadful Rot  Necr/Pois/Air  58%        N/A       3%          2
 Swiftness                Air            37%        N/A       3%          3
 Dazzling Flash           Conj/Hex       56%        N/A       7%          3
 Hailstorm                Conj/Ice       28%        3d8       7%          3
 Freeze                   Ice            32%        1d5       11%         1
 Necrotise                Necr           32%        1d5       11%         1
 Summon Small Mammal      Summ           32%        N/A       11%         1
 Airstrike                Air            18%        2d(3-19)  12%         4
 Call Imp                 Summ           16%        N/A       16%         2
 Fulminant Prism          Conj/Hex       14%        3d9       24%         4
 Call Canine Familiar     Summ           8%         N/A       30%         3
 Frozen Ramparts          Ice            16%        1d3       30%         3
 Summon Guardian Golem    Hex/Summ       8%         N/A       30%         3
 Dispel Undead            Necr           8%         3d8       71%         4
 Ice Form                 Ice/Tmut       8%         N/A       71%         4
 Summon Ice Beast         Ice/Summ       8%         N/A       71%         4
 Death Channel            Necr           4%         N/A       100%        6


Dungeon Overview and Level Annotations

Branches:
Dungeon (8/15)             Temple (1/1) D:6           Sewer (visited)
   Lair: D:8-11

Altars:
Ashenzari
Cheibriados
Dithmenos
Elyvilon
Fedhas
Gozag
Hepliaklqana
Kikubaaqudgha
Makhleb
Nemelex Xobeh
Qazlal
Ru
Sif Muna
Trog
Uskayaw
Vehumet
Xom
Yredelemnul
Zin
The Shining One

Shops:
D:3 [

Annotations:
D:4 2 runed translucent doors, ciphuk's ghost, amateur TrMo
D:8 Psyche


Innate Abilities, Weirdness & Mutations

You cannot wear most types of armour.
You are amphibious.
You can wear up to eight rings at the same time.
Your skin changes colour to match your surroundings (Stealth+).
Your rubbery body absorbs attacks. (AC +1, EV +1)
((You are camouflaged when in or above water. (Stealth+)))
You have tentacles for arms and can constrict up to eight enemies at once.
You are mostly covered in iridescent scales. (AC +4)
You are agile. (Dex +4, Str/Int -1)
Your mind is acute. (Int +4, Str/Dex -1)


Message History

An arc of chaos appears from out of thin air!
The arc of chaos hits the orc warrior.
You block the two-headed ogre's attack. The two-headed ogre closely misses you.
You hit the two-headed ogre.
The two-headed ogre is heavily wounded.
You hit the two-headed ogre. You squeeze the two-headed ogre!
The two-headed ogre is almost dead.
The two-headed ogre closely misses you. The two-headed ogre barely misses you.
You puncture the two-headed ogre!
The two-headed ogre is almost dead.
You hit the two-headed ogre.
The two-headed ogre is almost dead.
The two-headed ogre hits you with a +0 giant spiked club!!
* * * LOW HITPOINT WARNING * * *
The two-headed ogre closely misses you.
You hit the two-headed ogre.
You kill the two-headed ogre!
Vehumet accepts your kill. Something hits you!
* * * LOW HITPOINT WARNING * * *
Space warps around you.
* * * LOW HITPOINT WARNING * * *
The orc warrior rages.
Your Conjurations skill increases to level 7!
Your Air Magic skill increases to level 5!
Your Poison Magic skill increases to level 6!
You have reached level 10!
You feel stronger.
You feel a strong urge to attack something.
You are no longer berserk.
You are exhausted.
You feel yourself slow down.
You feel better. Something hits you.
* * * LOW HITPOINT WARNING * * *
You blink.
The orc warrior misses you.
You feel better.
The orc warrior hits you with a +0 battleaxe!
* * * LOW HITPOINT WARNING * * *
The orc warrior hits you with a +0 battleaxe!
You die...

....# ...
... .). #)#
#.# #)#
#@########
#.o.ยง....#
########.#
#.#
#######.####
..........<#
.######.####
#.# #.#


You could see an orc warrior (berserk).

Vanquished Creatures
  A two-headed ogre (D:8)
  Grinder (D:5)
  A steam dragon (D:7)
  Duvessa (D:5)
  A water moccasin (D:7)
  3 black bears (D:5)
  A sky beast (D:7)
  3 ice beasts
  An ogre (D:5)
  2 phantoms
  A bullfrog (D:7)
  2 kobold brigands
  2 gnoll sergeants (D:7)
  4 scorpions
  Dowan (D:5)
  3 killer bees
  6 hounds
  2 orc priests
  A jelly (D:5)
  3 iguanas
  A sleepcap (D:7)
  An orc wizard (D:6)
  Robin (D:2)
  9 gnolls (D:7)
  10 adders
  A shadow imp (D:5)
  A worm (D:2)
  4 dart slugs
  18 orcs
  8 ball pythons
  11 endoplasms
  11 giant cockroaches
  16 goblins
  9 hobgoblins
  3 jackals (D:3)
  21 kobolds
  9 quokkas
  8 bats
  4 frilled lizards
  5 rats
191 creatures vanquished.

Notes
Turn   | Place    | Note
-------+----------+-------------------------------------------
     0 | D:1      | Ijustatesigmund the Octopode Conjurer began the quest for
                  | the Orb.
     0 | D:1      | Reached XP level 1. HP: 11/11 MP: 3/3
   130 | D:1      | Reached XP level 2. HP: 17/17 MP: 0/5
   133 | D:1      | Learned a level 2 spell: Searing Ray
   645 | D:1      | Reached XP level 3. HP: 21/21 MP: 3/6
  1135 | D:2      | Noticed Robin
  1193 | D:2      | Killed Robin
  1194 | D:2      | Reached XP level 4. HP: 27/27 MP: 1/7
  2067 | D:3      | Identified a scroll of acquirement
  2067 | D:3      | Acquired the +3 warlock's mirror {omnireflect}
  2067 | D:3      | Found the +3 warlock's mirror {omnireflect}
  2166 | D:3      | Found Fyomamyd's Antique Armour Emporium.
  2216 | D:3      | Reached skill level 1 in Shields
  2216 | D:3      | Reached XP level 5. HP: 19/31 MP: 4/9
  2255 | D:3      | Found a glowing drain.
  2268 | Sewer    | Entered a sewer
  2770 | Sewer    | Noticed a kobold brigand
  2783 | Sewer    | Killed a kobold brigand
  3308 | D:3      | Reached XP level 6. HP: 36/36 MP: 10/10
  4124 | D:4      | Learned a level 4 spell: Iskenderun's Mystic Blast
  4582 | D:4      | Reached skill level 1 in Translocations
  4658 | D:4      | Found a runed translucent door.
  4660 | D:4      | Noticed ciphuk's ghost (amateur TrMo)
  4987 | D:4      | Found a runed translucent door.
  5040 | D:5      | Entered Level 5 of the Dungeon
  5272 | D:5      | Noticed an ice beast
  5280 | D:5      | Gained mutation: You are frail. (-10% HP) [potion of
                  | mutation]
  5280 | D:5      | Gained mutation: Your skin blends seamlessly with your
                  | surroundings (Stealth++). [potion of mutation]
  5281 | D:5      | Lost mutation: Your skin blends seamlessly with your
                  | surroundings (Stealth++). [potion of mutation]
  5281 | D:5      | Lost mutation: You are frail. (-10% HP) [potion of
                  | mutation]
  5281 | D:5      | Gained mutation: You are partially covered in iridescent
                  | scales. (AC +2) [potion of mutation]
  5281 | D:5      | Gained mutation: You are agile. (Dex +4, Str/Int -1)
                  | [potion of mutation]
  5281 | D:5      | Gained mutation: Your mind is acute. (Int +4, Str/Dex -1)
                  | [potion of mutation]
  5281 | D:5      | Gained mutation: You are mostly covered in iridescent
                  | scales. (AC +4) [potion of mutation]
  5299 | D:5      | Noticed a black bear
  5307 | D:5      | Killed a black bear
  5308 | D:5      | Reached XP level 7. HP: 41/41 MP: 1/11
  5658 | D:5      | Noticed Duvessa
  5658 | D:5      | Noticed Dowan
  6056 | D:5      | Noticed Grinder
  6283 | D:6      | Found a white marble altar of Elyvilon.
  6670 | D:6      | Reached skill level 5 in Shields
  6732 | D:6      | Found a broken altar of Ashenzari.
  6802 | D:6      | Reached skill level 5 in Translocations
  6877 | D:6      | Found a stormy altar of Qazlal.
  6894 | D:6      | Found a staircase to the Ecumenical Temple.
  6919 | Temple   | Entered the Ecumenical Temple
  7054 | Temple   | Became a worshipper of Vehumet
  7164 | D:5      | Reached XP level 8. HP: 46/46 MP: 5/12
  7320 | D:5      | Learned a level 3 spell: Mephitic Cloud
  7491 | D:5      | Killed Duvessa
  7492 | D:5      | Reached skill level 1 in Air Magic
  7492 | D:5      | Reached skill level 1 in Poison Magic
  7494 | D:5      | Killed Dowan
  7729 | D:5      | Killed Grinder
  7730 | D:5      | Reached skill level 5 in Conjurations
  8325 | D:5      | Reached XP level 9. HP: 43/51 MP: 4/15
  8780 | D:7      | Reached skill level 6 in Conjurations
  9094 | D:7      | Reached * piety under Vehumet
  9094 | D:7      | Offered knowledge of Kiss of Death by Vehumet.
  9758 | D:7      | Found a glowing silver altar of Zin.
  9819 | D:7      | Reached skill level 5 in Poison Magic
  9962 | D:7      | Reached skill level 5 in Spellcasting
 10231 | D:7      | Found a shimmering blue altar of Sif Muna.
 10295 | D:7      | Found a burning altar of Makhleb.
 10720 | D:8      | Noticed a two-headed ogre
 10723 | D:8      | Noticed Psyche
 10734 | D:8      | Killed a two-headed ogre
 10734 | D:8      | HP: 3/76 [something (9)]
 10735 | D:8      | Reached skill level 7 in Conjurations
 10735 | D:8      | Reached skill level 5 in Air Magic
 10735 | D:8      | Reached XP level 10. HP: 2/56 MP: 10/18
 10739 | D:8      | HP: 2/56 [orc warrior/+0 battleaxe (16)]
 10739 | D:8      | Demolished by an orc warrior

Illustrated notes

Levels and vault maps discovered:
D:1:      onia_arrival_handbag, layout_rooms
D:2:      layout_rooms, kennysheep_generic_room_7, uniq_robin
D:3:      layout_basic, serial_shops, shop, gup_sewer_entry_pipe
D:4:      layout_basic, ebering_ghost_sewer_f
D:5:      minmay_opposing_rooms, layout_loops_cross, uniq_grinder, uniq_duvessa
D:6:      layout_rooms, lemuel_coloured_pillars_altar,
          mainiacjoe_overflow_tiny_flanked, mainiacjoe_overflow_alcove_4,
          minmay_temple_entry_overgrown, kennysheep_generic_room_14
D:7:      layout_basic, mainiacjoe_overflow_six_doors_small,
          overflow_temple_1_default, kennysheep_mini_moat,
          kennysheep_generic_room_8
D:8:      layout_basic, roderic_roman_lattice, minmay_misc_feat_cross,
          uniq_psyche
Temple:   nicolae_temple_bog_church

Skill      XL: |  1  2  3  4  5  6  7  8  9 |
---------------+----------------------------+-----
Stealth        | 3 4 |  4.0
Shields        | 1 3 4 5 |  5.1
Translocations | 3 5 |  5.1
Spellcasting   | 4 5 |  5.7
Air Magic      | 3 5 |  5.3
Poison Magic   | 3 6 |  6.3
Conjurations   | 5 7 |  7.1
Dodging        | |  2.9

Action                     |  1- 3 |  4- 6 |  7- 9 | 10-12 || total
---------------------------+-------+-------+-------+-------++-------
  Melee: Spear             |    17 |    46 |       |       ||    63
         Tentacles         |     2 |    13 |    12 |       ||    27
         Constrict         |     3 |    11 |    15 |       ||    29
         Short sword       |       |     3 |    74 |       ||    77
         Punch             |       |     1 |     3 |       ||     4
   Cast: Magic Dart        |    70 |   132 |    98 |       ||   300
         Searing Ray       |     1 |     6 |    32 |       ||    39
         Mephitic Cloud    |       |       |     8 |       ||     8
         Iskenderun's Myst |       |       |     6 |       ||     6
  Evoke: Wand              |       |       |     8 |       ||     8
    Use: Scroll            |       |    10 |     6 |       ||    16
         Potion            |       |     2 |     2 |     2 ||     6
   Stab: Sleeping          |       |     1 |     2 |       ||     3
         Confused          |       |       |     4 |       ||     4
         Distracted        |       |       |     1 |       ||     1
 Armour: Skin              |       |     2 |    25 |       ||    27
  Dodge: Dodged            |    10 |    23 |    67 |     1 ||   101
  Block: Buckler           |       |    22 |    57 |       ||    79
         Reflection        |       |     2 |     4 |       ||     6
